 Dungeon Crawl Stone Soup version 0.28.0-53-g5a82cb258f (webtiles) character file.

Game seed: 18150953503335648110

1045 mortz the Digger (level 8, -2/44 HPs)
             Began as a Kobold Earth Elementalist on July 17, 2022.
             Was a Believer of Dithmenos.
             Slain by Harold
             ... wielding a +0 dire flail
              (24 damage)
             ... on level 7 of the Dungeon.
             The game lasted 00:41:26 (9209 turns).

mortz the Digger (Kobold Earth Elementalist)        Turns: 9209, Time: 00:41:27

Health: -2/44      AC:  6    Str:  5    XL:     8   Next: 49%
Magic:  13/32      EV:  8    Int: 19    God:    Dithmenos [**....]
Gold:   222        SH:  0    Dex: 15    Spells: 10/16 levels left

rFire   . . .      SeeInvis .   a - +0 short sword {short}
rCold   . . .      Faith    .   (no shield)
rNeg    . . .      Spirit   .   l - +0 robe
rPois   .          Reflect  .   p - +0 helmet
rElec   .          Harm     .   (no cloak)
rCorr   .          Rampage  .   n - +1 pair of gloves
Will    .....                   I - +0 pair of boots
Stlth   +++++.....              j - amulet of the acrobat
HPRegen 0.14/turn               g - ring of magical power
MPRegen 0.23/turn               y - ring of magical power

@: held, wreathed by umbra
A: small, no large weapons, nightstalker 3
a: Renounce Religion, Shadow Step


You were on level 7 of the Dungeon.
You worshipped Dithmenos.
Dithmenos was pleased with you.
You visited 1 branch of the dungeon, and saw 7 of its levels.

You collected 222 gold pieces.


Innate Abilities, Weirdness & Mutations

You are small and have problems with some larger weapons.
You are completely attuned to the shadows.


   Skills:
 + Level 1.8 Fighting
 * Level 4.5 Short Blades
 + Level 0.3 Armour
 + Level 3.8 Dodging
 + Level 4.8 Stealth
 + Level 4.6 Spellcasting
 * Level 3.2 Conjurations
 - Level 1.0 Transmutations
 * Level 5.3 Earth Magic
 + Level 2.1 Invocations


You had 10 spell levels left.
You knew the following spells:

 Your Spells              Type           Power      Damage    Failure   Level
a - Sandblast             Erth           48%        2d12      1%          1
b - Passwall              Tmut/Erth      13%        N/A       5%          2
c - Stone Arrow           Conj/Erth      40%        3d9       7%          3

Your spell library contained the following spells:

 Spells                   Type           Power      Damage    Failure   Level
 Petrify                  Tmut/Erth      16%        N/A       34%         4

Inventory:

Hand Weapons
 a - a +0 short sword (weapon) {short}
   (You took it off a kobold on level 1 of the Dungeon)
 e - a +0 war axe {axe}
   (You found it on level 2 of the Dungeon)
 t - a +0 trident {polearm}
   (You took it off an orc on level 3 of the Dungeon)
 D - a +2 flail of holy wrath {mace}
   (You took it off an orc on level 4 of the Dungeon)
 J - a +1 falchion of draining {long}
   (You found it on level 6 of the Dungeon)
 L - a +1 vorpal falchion {long}
   (You took it off an orc priest on level 6 of the Dungeon)
Missiles
 b - 9 poisoned darts {throwing}
 c - 81 stones {throwing}
 K - 2 throwing nets {=f!fthrowing}
 M - 2 boomerangs {throwing}
Armour
 l - a +0 robe (worn)
 n - a +1 pair of gloves (worn)
   (You found it on level 1 of the Dungeon)
 o - a +0 leather armour
   (You took it off an orc on level 3 of the Dungeon)
 p - a +0 helmet (worn)
   (You found it on level 1 of the Dungeon)
 s - a +0 kite shield
   (You found it on level 3 of the Dungeon)
 F - the +1 scale mail of Disaster {Will+}
   (You found it on level 5 of the Dungeon)

   Will:      It increases your willpower.
 I - a +0 pair of boots (worn)
   (You found it on level 5 of the Dungeon)
Jewellery
 f - a ring of willpower
   (You found it on level 7 of the Dungeon)
 g - a ring of magical power (left hand)
   (You took it off a hobgoblin on level 3 of the Dungeon)
 j - an amulet of the acrobat (around neck)
   (You found it on level 1 of the Dungeon)
 q - an amulet of faith {!P}
   (You found it on level 1 of the Dungeon)
 y - a ring of magical power (right hand)
   (You found it on level 4 of the Dungeon)
 H - a ring of ice
   (You found it on level 5 of the Dungeon)
Wands
 u - a wand of polymorph (1)
   (You found it on level 3 of the Dungeon)
 w - a wand of iceblast (12)
   (You found it on level 4 of the Dungeon)
 A - a wand of mindburst (7)
   (You found it on level 4 of the Dungeon)
Scrolls
 E - 2 scrolls of magic mapping {!r}
Potions
 d - 2 potions of invisibility
 h - 2 potions of mutation {unknown}
 i - 4 potions of curing {@q1}
 k - a potion of heal wounds {unknown}
 m - 2 potions of flight
 r - a potion of degeneration {unknown}
 v - 2 potions of attraction {unknown}
 x - a potion of resistance {unknown}
 z - a potion of cancellation {unknown}
 B - a potion of haste {@q3}
 C - a potion of brilliance {unknown}
 N - a potion of lignification {unknown}

Dungeon Overview and Level Annotations

Branches:
Dungeon (7/15)
 Temple: D:4-7

Altars:
Dithmenos
Kikubaaqudgha
Nemelex Xobeh
Ru
Uskayaw
Wu Jian
Yredelemnul

Annotations:
D:3 3 runed translucent doors, turdburglar's ghost, amateur DrEn
D:5 exclusions: ice beast, ogre and two-headed ogre
D:7 Harold

###
############<#####
...@@............#
.###########.###.#
#...#.# ##....#
######


You could see Harold.


Message History

An orc comes into view.
It is wielding a +0 trident. 😕 HP[+11] MP[+16]
You regained 11 hp, and now have 42/44 hp.
Your mp is fully restored (32).
You see here the human corpse of Prince Ribbit.
There is an open door here. 😕 HP[+1]
M - 2 boomerangs {throwing};
N - a smoky cyan potion You see here a +0 whip {mace}. 😎 HP[+1]
Your hp is fully restored (44).
You now have 222 gold pieces (gained 28).
You see here a +0 mace {mace}.
Found a stone staircase leading down.
You see here 26 bolts.
Done exploring.
Done exploring.
Okay, then.
You drop a +0 dagger {short}.
You see here a +0 dagger {short}.
You see here a +0 whip {mace}.
There is a stone staircase leading down here.
You climb downwards.
There is a stone staircase leading up here.
You climb upwards.
There is a stone staircase leading down here.
There is a stone staircase leading down here.
You climb downwards.
There is a stone staircase leading up here.
A centaur comes into view.
You see here a ring of willpower.
f - a ring of willpower
There is a stone staircase leading up here.
You climb upwards.
There is a stone staircase leading down here.
You see here a +0 trident {polearm}.
Items here: ))) [[.
There is an open door here.
There is an open door here.
Things that are here:
a +0 chain mail; a +0 hand axe {axe}
There is a stone staircase leading down here.
You climb downwards.
There is a stone staircase leading up here.
Harold the Weathered comes into view.
He is wielding a +0 dire flail.
Harold shouts!
The stone arrow misses Harold.
Harold pauses a moment, imagining something with a smile on his face. 😎 MP[-3]
You lost 3 mp, and now have 29/32 mp.
The stone arrow hits Harold!
Harold throws a throwing net.
The throwing net hits you.
You become entangled in the net! 😎 MP[-3]
You lost 3 mp, and now have 26/32 mp.
You struggle against the net.
You struggle against the net.
Harold hits you with a +0 dire flail! 😮 HP[-17] MP[+1]
You take 17 damage, and now have 27/44 hp.
MASSIVE DAMAGE!! (PAUSE)
You are too injured to fight recklessly!
Okay, then.
As you read the scroll of fear, it crumbles to dust.
You assume a fearsome visage.
Harold looks frightened! 😮 HP[+1]
Aiming: Stone Arrow (dangerous; 7% risk of failure)
Press: ? - help, Q - select action, (/) - cycle Shift-Dir - straight line, f/p - Harold
Aim: Harold, wielding a +0 dire flail, wearing a +0 scale mail and quivering 2 throwing nets (lightly wounded, fleeing, 83% to hit)
The stone arrow misses Harold. 😮 MP[-3]
You lost 3 mp, and now have 24/32 mp.
Aiming: Stone Arrow (dangerous; 7% risk of failure)
Press: ? - help, Q - select action, (/) - cycle Shift-Dir - straight line, f/p - Harold
Aim: Harold, wielding a +0 dire flail, wearing a +0 scale mail and quivering 2 throwing nets (lightly wounded, fleeing, 83% to hit)
The stone arrow hits Harold!
Your attack snaps Harold out of his fear. 😮 MP[-3]
You lost 3 mp, and now have 21/32 mp.
Aiming: Stone Arrow (dangerous; 7% risk of failure)
Press: ? - help, Q - select action, (/) - cycle Shift-Dir - straight line, f/p - Harold
Aim: Harold, wielding a +0 dire flail, wearing a +0 scale mail and quivering 2 throwing nets (moderately wounded, 83% to hit)
The stone arrow hits Harold!! 😮 MP[-3]
You lost 3 mp, and now have 18/32 mp.
Aiming: Stone Arrow (dangerous; 7% risk of failure)
Press: ? - help, Q - select action, (/) - cycle Shift-Dir - straight line, f/p - Harold
Aim: Harold, wielding a +0 dire flail, wearing a +0 scale mail and quivering 2 throwing nets (heavily wounded, umbra, 83% to hit)
The stone arrow hits Harold.
Harold hits you with a +0 dire flail.
* * * LOW HITPOINT WARNING * * *
😨 HP[-6] MP[-2]
You take 6 damage, and now have 22/44 hp.
You lost 2 mp, and now have 16/32 mp.
Aiming: Stone Arrow (dangerous; 7% risk of failure)
Press: ? - help, Q - select action, (/) - cycle Shift-Dir - straight line, f/p - Harold
Aim: Harold, wielding a +0 dire flail, wearing a +0 scale mail and quivering 2 throwing nets (severely wounded, umbra, 83% to hit)
The stone arrow hits Harold!
Harold hits you with a +0 dire flail!!
Ouch! That really hurt!
You die...

Skill      XL: |  1  2  3  4  5  6  7  8 |
---------------+-------------------------+-----
Stealth        | 3 4 |  4.8
Short Blades   | 1 2 3 4 |  4.5
Earth Magic    | 4 5 |  5.3
Spellcasting   | 3 4 |  4.6
Dodging        | 3 |  3.8
Conjurations   | 1 2 3 |  3.2
Invocations    | 1 2 |  2.1
Fighting       | 1 |  1.8
Armour         | |  0.3
Transmutations | |  1.0

Action                   |  1- 3 |  4- 6 |  7- 9 || total
-------------------------+-------+-------+-------++-------
Melee: Dagger            |    18 |       |       ||    18
       Short sword       |    41 |   200 |    68 ||   309
       War axe           |       |     6 |       ||     6
       Punch             |       |       |     1 ||     1
 Cast: Sandblast         |    27 |    44 |    24 ||    95
       Stone Arrow       |       |       |    32 ||    32
  Use: Scroll            |     6 |     4 |     2 ||    12
 Stab: Sleeping          |     9 |    29 |     2 ||    40
Armor: Robe              |     7 |    21 |    22 ||    50
       Leather armour    |       |    17 |       ||    17
Dodge: Dodged            |    61 |   162 |   134 ||   357

Levels and vault maps discovered:
D:1:      evilmike_arrival_crescent, layout_rooms,
          shapermc_ecumenical_altar_notcrosses, minmay_tromino_v4_a
D:2:      layout_basic
D:3:      layout_loops_cross, mainiacjoe_overflow_small_starburst,
          nicolae_yredelemnul_ghost_church, grunt_ministairs_4,
          patterned_corridor
D:4:      layout_loops_ring, nicolae_uskayaw_suspiria
D:5:      layout_gridville, general_overflow_altar, kiku_gazebo_pond_becter,
          old_standard_altar, nicolae_zen_rock_garden
D:6:      layout_basic, grunt_decor_one_mirror,
          hangedman_abyss_or_decor_stagger, hangedman_decor_diamond_cutter,
          uniq_prince_ribbit1
D:7:      layout_basic, nzn_hepliaklqana_mist_gate, minmay_temple_entry_mist,
          hangedman_decor_slide_cut, uniq_harold, uniq_joseph

Notes
Turn   | Place    | Note
-------+----------+-------------------------------------------
     0 | D:1      | mortz the Kobold Earth Elementalist began the quest for the
                  | Orb.
     0 | D:1      | Reached XP level 1. HP: 10/10 MP: 3/3
     0 | D:1      | magus.rc [v1.9.6]
    13 | D:1      | You fall into a shaft and drop 1 floor!
   218 | D:2      | Reached XP level 2. HP: 15/15 MP: 3/5
   498 | D:1      | You pick up a book of Geomancy and begin reading...
   681 | D:1      | Reached skill level 3 in Stealth
   733 | D:1      | Reached XP level 3. HP: 15/19 MP: 2/6
   847 | D:1      | Found a faded altar of an unknown god.
   862 | D:1      | Prayed at the altar of an unknown god.
   862 | D:1      | Became a worshipper of Dithmenos the Shadowed
   862 | D:1      | Reached * piety under Dithmenos
  1015 | D:1      | Learned a level 2 spell: Passwall
  1019 | D:1      | Learned a level 3 spell: Stone Arrow
  1478 | D:2      | Reached XP level 4. HP: 9/24 MP: 5/8
  2090 | D:2      | Reached skill level 1 in Short Blades
  2549 | D:3      | Reached skill level 4 in Earth Magic
  3002 | D:3      | Reached skill level 3 in Spellcasting
  3002 | D:3      | Reached XP level 5. HP: 20/28 MP: 5/9
  3092 | D:3      | Found an ornate altar of the Wu Jian Council.
  3481 | D:3      | Reached ** piety under Dithmenos
  3499 | D:3      | Found a runed translucent gate.
  3501 | D:3      | Found a runed translucent gate.
  3501 | D:3      | Noticed turdburglar's ghost (amateur DrEn)
  3502 | D:3      | Found a runed translucent gate.
  3503 | D:3      | Found a basalt altar of Yredelemnul.
  4147 | D:3      | Reached skill level 3 in Dodging
  4487 | D:4      | Reached skill level 4 in Stealth
  4490 | D:4      | Reached skill level 2 in Short Blades
  4490 | D:4      | Reached XP level 6. HP: 21/33 MP: 11/11
  4495 | D:4      | Reached skill level 1 in Conjurations
  5339 | D:4      | Reached skill level 1 in Invocations
  5439 | D:4      | Found a hide-covered altar of Uskayaw.
  5574 | D:5      | Entered Level 5 of the Dungeon
  5868 | D:5      | Noticed an ogre
  5874 | D:5      | Noticed an ice beast
  5905 | D:5      | Found an ancient bone altar of Kikubaaqudgha.
  5954 | D:5      | Reached skill level 1 in Fighting
  5975 | D:5      | Noticed a two-headed ogre
  6053 | D:5      | Found a sparkling altar of Nemelex Xobeh.
  6061 | D:5      | Reached XP level 7. HP: 38/38 MP: 12/12
  6137 | D:5      | Found a sacrificial altar of Ru.
  6148 | D:5      | Identified the +1 scale mail of Disaster {Will+}
  6410 | D:5      | Reached skill level 3 in Short Blades
  6410 | D:5      | Reached skill level 2 in Conjurations
  7028 | D:6      | Reached skill level 2 in Invocations
  7469 | D:6      | Noticed Prince Ribbit
  7610 | D:6      | Reached skill level 4 in Spellcasting
  7652 | D:6      | HP: 8/38 [orc priest/divine providence (11)]
  7680 | D:6      | HP: 9/38 [orc/+0 short sword (3)]
  8428 | D:6      | Reached XP level 8. HP: 43/43 MP: 14/14
  8480 | D:6      | Reached skill level 5 in Earth Magic
  8676 | D:6      | Reached skill level 4 in Short Blades
  8912 | D:6      | Killed Prince Ribbit
  8913 | D:6      | Reached skill level 3 in Conjurations
  9199 | D:7      | Noticed Harold
  9209 | D:7      | Slain by Harold

Vanquished Creatures
  Prince Ribbit (D:6)
  An ice beast (D:6)
  2 scorpions
  A bullfrog skeleton (D:5)
  2 jellies (D:5)
  2 orc priests (D:6)
  2 hounds (D:4)
  2 iguanas (D:5)
  4 orc wizards
  A scorpion zombie (D:5)
  3 gnolls (D:6)
  7 adders
  A howler monkey skeleton (D:6)
  4 white imps
  2 ufetubi (D:5)
  2 adder zombies
  A worm (D:2)
  A dart slug (D:1)
  26 orcs
  5 ball pythons
  6 bats
  3 endoplasms
  5 goblins
  8 hobgoblins
  4 jackals (D:1)
  3 quokkas
  6 frilled lizards
  A giant cockroach zombie (D:3)
  7 kobolds
  A quokka skeleton (D:4)
  9 rats
123 creatures vanquished.

Table legend:
 A = Non-vault XP
 B = Vault XP
 C = Vault XP percentage of total XP
 D = Non-vault monster count
 E = Vault monster count
 F = Vault count percentage of total count
                 A         B        C        D         E       F
            +---------+---------+-------+---------+---------+-------
      Total |    1190 |     303 |  20.3 |     114 |       9 |   7.3
            +---------+---------+-------+---------+---------+-------
        D:1 |      33 |       9 |  21.4 |      22 |       4 |  15.4
        D:2 |      52 |       0 |   0.0 |      22 |       0 |   0.0
        D:3 |     103 |      20 |  16.3 |      17 |       4 |  19.0
        D:4 |     141 |       0 |   0.0 |      18 |       0 |   0.0
        D:5 |     369 |       0 |   0.0 |      13 |       0 |   0.0
        D:6 |     492 |     274 |  35.8 |      22 |       1 |   4.3
            +---------+---------+-------+---------+---------+-------

Illustrated notes

Table legend:
 A = Kills in this place as a percentage of kills in entire the game.
 B = Kills by you in this place as a percentage of kills by you in the entire game.
 C = Kills by friends in this place as a percentage of kills by friends in the entire game.
 D = Other kills in this place as a percentage of other kills in the entire game.
 E = Experience gained in this place as a percentage of experience gained in the entire game.
 F = Experience gained in this place divided by the number of levels of this place that you have seen.
                   A       B       C       D       E      F
               +-------+-------+-------+-------+-------+----------------------
         Total | 100.0 | 100.0 |   N/A |   N/A | 100.0 | 213.3
       Dungeon | 100.0 | 100.0 |   N/A |   N/A | 100.0 | 213.3
               +-------+-------+-------+-------+-------+----------------------

Table legend: (Time is in decaauts)
 A = Elapsed time spent in this place.
 B = Non-inter-level travel time spent in this place.
 C = Inter-level travel time spent in this place.
 D = Time resting spent in this place.
 E = Time spent auto-exploring this place.
 F = Levels seen in this place.
 G = Mean time per level.
                   A        B        C        D        E       F      G
               +--------+--------+--------+--------+--------+-----+--------+
         Total |   9231 |   8476 |    755 |     95 |   6821 |   7 | 1318.7 |
       Dungeon |   9231 |   8476 |    755 |     95 |   6821 |   7 | 1318.7 |
               +--------+--------+--------+--------+--------+-----+--------+

Top non-repeatable levels by time:
     D:5: 1775 daAuts
     D:6: 1754 daAuts
     D:2: 1697 daAuts
     D:3: 1596 daAuts
     D:4: 1230 daAuts
     D:1: 1145 daAuts
     D:7: 32 daAuts
